 Dungeon Sprint DCSS version 0.30.0-18-gc0e69614cb (webtiles) character file.

Game seed: 146293398715889905

891 Groucho the Blocker (level 8, 0/106 HPs)
             Began as a Gnoll Fighter on May 23, 2023.
             Was a Follower of Cheibriados.
             Slain by a vampire (5 damage)
             ... in the Dungeon (Sprint IX: "|||||||||||||||||||||||||||||").
             The game lasted 00:02:20 (321 turns).

Groucho the Blocker (Gnoll Fighter)                  Turns: 321, Time: 00:02:20

Health: 0/106      AC: 15    Str: 19    XL:     8   Next: 6%
Magic:  15/17      EV: 11    Int: 14    God:    Cheibriados [*.....]
Gold:   0          SH:  0    Dex: 19    Spells: 19/19 levels left

rFire   . . .        n - +2 scimitar (heavy)
rCold   . . .        c - +0 buckler
rNeg    . . .        q - +1 chain mail
rPois   .            o - +0 helmet
rElec   .            p - +0 cloak
rCorr   .            (no gloves)
SInv    .            (no boots)
Will    .....        (no amulet) Stlth
                     r - +3 ring of intelligence
HPRegen 0.37/turn    b - +3 ring of dexterity
MPRegen 0.15/turn

%: no teleportation
@: confused, berserking, very slow
A: fangs 1, strong nose, distributed training
a: Renounce Religion, Bend Time


You were in the Dungeon.
You worshipped Cheibriados.
Cheibriados was aware of your devotion.
You visited 1 branch

Inventory:

Hand Weapons
 a - a +0 trident
 m - the +2 rapier "Yddyedot" {freeze, Will+}
   (You found it in the Dungeon)

   Will:      It increases your willpower.
 n - a +2 heavy scimitar (weapon)
Armour
 c - a +0 buckler (worn)
 o - a +0 helmet (worn)
 p - a +0 cloak (worn)
 q - a +1 chain mail (worn)
Jewellery
 b - a +3 ring of dexterity (right hand)
 r - a +3 ring of intelligence (left hand)
Wands
 l - a wand of light (10)
Scrolls
 j - 2 scrolls of blinking
 k - 2 scrolls of amnesia
Potions
 d - a potion of might
 h - 4 potions of magic


   Skills:
 + Level 9.2 Fighting
 + Level 6.3 Short Blades
 + Level 6.3 Long Blades
 + Level 6.3 Axes
 + Level 6.3 Maces & Flails
 + Level 7.9 Polearms
 + Level 6.3 Staves
 + Level 6.3 Ranged Weapons
 + Level 6.3 Throwing
 + Level 9.2 Armour
 + Level 6.3 Dodging
 + Level 6.3 Stealth
 + Level 9.2 Shields
 + Level 6.3 Unarmed Combat
 + Level 6.3 Spellcasting
 + Level 5.2 Conjurations
 + Level 5.2 Hexes
 + Level 5.2 Summonings
 + Level 5.2 Necromancy
 + Level 5.2 Translocations
 + Level 5.2 Transmutations
 + Level 5.2 Fire Magic
 + Level 5.2 Ice Magic
 + Level 5.2 Air Magic
 + Level 5.2 Earth Magic
 + Level 5.2 Poison Magic
 + Level 6.9 Invocations
 + Level 6.3 Evocations


You had 19 spell levels left.
You didn't know any spells.
Your spell library was empty.

Dungeon Overview and Level Annotations

Branches:
Dungeon (1/1)

Altars:
Cheibriados
Dithmenos
Elyvilon
Fedhas
Gozag
Hepliaklqana
Kikubaaqudgha
Makhleb
Nemelex Xobeh
Okawaru
Qazlal
Ru
Sif Muna
Trog
Uskayaw
Vehumet
Wu Jian
Xom
Yredelemnul
Zin
The Shining One
Jiyva
Lugonu


Innate Abilities, Weirdness & Mutations

You have very sharp teeth.
Your uncanny sense of smell can sniff out nearby items.
Your experience applies equally to all skills.


Message History

* * * LOW HITPOINT WARNING * * *
Something draws strength from your injuries!
Unknown command.
Unknown command.
You hit something but do no damage. Something hits you.
* * * LOW HITPOINT WARNING * * *
Something bites you but does no damage.
Unknown command.
Unknown command.
You feel better. Something draws life force from you!
* * * LOW HITPOINT WARNING * * *
You feel better. Something hits you but does no damage.
Something bites you but does no damage.
You feel better. Something hits you.
* * * LOW HITPOINT WARNING * * *
Something bites you!
* * * LOW HITPOINT WARNING * * *
Something draws strength from your injuries!
You feel better. Something hits you but does no damage. Something bites you.
* * * LOW HITPOINT WARNING * * *
Something draws strength from your injuries!
You feel better. Something hits you.
* * * LOW HITPOINT WARNING * * *
Something bites you but does no damage.
You miss something.
You hear some strange, mumbled words.
You are confused.
Something hits you but does no damage. Something bites you.
* * * LOW HITPOINT WARNING * * *
Something draws strength from your injuries!
A red film seems to cover your vision as you go berserk!
Cheibriados forces you to slow down.
You feel mighty! Something hits you!
* * * LOW HITPOINT WARNING * * *
Something bites you.
* * * LOW HITPOINT WARNING * * *
Something draws strength from your injuries!
Unknown command.
Something hits you.
You die...

▓▓▓▓▓▓▓▓▓▓▓▓▓▓▓▓▓▓▓▓▓▓▓
+....{@)..[...)..'_____
▓▓▓▓▓▓▓▓▓▓▓▓▓▓▓▓▓▓▓▓▓▓▓
∆∆∆ ∆ ∆∆∆∆


There were no monsters in sight!

Vanquished Creatures
  2 trolls (D)
  A shadow (D)
  A yak (D)
  A centaur (D)
  A wight (D)
  An iguana (D)
  An adder (D)
  An orc (D)
  A ball python (D)
  An endoplasm (D)
  A goblin (D)
  A hobgoblin (D)
  A jackal (D)
  A kobold (D)
15 creatures vanquished.

Notes
Turn   | Place    | Note
-------+----------+-------------------------------------------
     0 | D        | Groucho the Gnoll Fighter began the quest for the Orb.
     0 | D        | Reached XP level 1. HP: 23/23 MP: 1/1
    12 | D        | Reached skill level 1 in Invocations
    13 | D        | Reached skill level 1 in Short Blades
    13 | D        | Reached skill level 1 in Long Blades
    13 | D        | Reached skill level 1 in Axes
    13 | D        | Reached skill level 1 in Maces & Flails
    13 | D        | Reached skill level 1 in Staves
    13 | D        | Reached skill level 1 in Ranged Weapons
    13 | D        | Reached skill level 1 in Throwing
    13 | D        | Reached skill level 1 in Dodging
    13 | D        | Reached skill level 1 in Stealth
    13 | D        | Reached skill level 1 in Unarmed Combat
    13 | D        | Reached skill level 1 in Spellcasting
    13 | D        | Reached skill level 1 in Evocations
    14 | D        | Reached XP level 2. HP: 29/29 MP: 1/3
   138 | D        | Noticed a centaur
   147 | D        | Killed a centaur
   148 | D        | Reached skill level 5 in Polearms
   148 | D        | Reached XP level 3. HP: 26/36 MP: 4/7
   148 | D        | Reached XP level 4. HP: 31/43 MP: 4/8
   168 | D        | Reached XP level 5. HP: 43/48 MP: 5/9
   210 | D        | Found a snail-covered altar of Cheibriados.
   210 | D        | Found a shadowy altar of Dithmenos.
   210 | D        | Found a white marble altar of Elyvilon.
   210 | D        | Found a blossoming altar of Fedhas.
   210 | D        | Found an opulent altar of Gozag.
   211 | D        | Found a hazy altar of Hepliaklqana.
   212 | D        | Found a viscous altar of Jiyva.
   213 | D        | Found an ancient bone altar of Kikubaaqudgha.
   214 | D        | Became a worshipper of Cheibriados the Contemplative
   215 | D        | Found a corrupted altar of Lugonu.
   216 | D        | Found a burning altar of Makhleb.
   217 | D        | Found a sparkling altar of Nemelex Xobeh.
   218 | D        | Found an iron altar of Okawaru.
   219 | D        | Found a stormy altar of Qazlal.
   220 | D        | Found a sacrificial altar of Ru.
   221 | D        | Found a shimmering blue altar of Sif Muna.
   222 | D        | Found a bloodstained altar of Trog.
   223 | D        | Found a hide-covered altar of Uskayaw.
   224 | D        | Found a radiant altar of Vehumet.
   225 | D        | Found an ornate altar of the Wu Jian Council.
   226 | D        | Found a shimmering altar of Xom.
   227 | D        | Found a basalt altar of Yredelemnul.
   228 | D        | Found a glowing silver altar of Zin.
   229 | D        | Found a glowing golden altar of the Shining One.
   245 | D        | Got the +2 rapier "Yddyedot" {freeze, Will+}
   283 | D        | Noticed a vampire
   283 | D        | Noticed a yak
   283 | D        | Noticed a shadow
   283 | D        | Noticed a troll
   283 | D        | Noticed a troll
   292 | D        | Killed a troll
   293 | D        | Reached skill level 5 in Invocations
   293 | D        | Reached XP level 6. HP: 17/56 MP: 9/13
   295 | D        | Reached skill level 5 in Short Blades
   295 | D        | Reached skill level 5 in Long Blades
   295 | D        | Reached skill level 5 in Axes
   295 | D        | Reached skill level 5 in Maces & Flails
   295 | D        | Reached skill level 5 in Staves
   295 | D        | Reached skill level 5 in Ranged Weapons
   295 | D        | Reached skill level 5 in Throwing
   295 | D        | Reached skill level 5 in Dodging
   295 | D        | Reached skill level 5 in Stealth
   295 | D        | Reached skill level 5 in Unarmed Combat
   295 | D        | Reached skill level 5 in Spellcasting
   295 | D        | Reached skill level 5 in Evocations
   297 | D        | Killed a troll
   297 | D        | Reached * piety under Cheibriados
   298 | D        | Reached XP level 7. HP: 30/63 MP: 10/15
   301 | D        | Killed a shadow
   302 | D        | Reached skill level 5 in Conjurations
   302 | D        | Reached skill level 5 in Hexes
   302 | D        | Reached skill level 5 in Summonings
   302 | D        | Reached skill level 5 in Necromancy
   302 | D        | Reached skill level 5 in Translocations
   302 | D        | Reached skill level 5 in Transmutations
   302 | D        | Reached skill level 5 in Fire Magic
   302 | D        | Reached skill level 5 in Ice Magic
   302 | D        | Reached skill level 5 in Air Magic
   302 | D        | Reached skill level 5 in Earth Magic
   302 | D        | Reached skill level 5 in Poison Magic
   306 | D        | Killed a yak
   307 | D        | Reached XP level 8. HP: 27/71 MP: 12/17
   307 | D        | HP: 1/71 [something (9)]
   314 | D        | HP: 3/71 [something (15)]
   320 | D        | HP: 5/106 [something (1)]
   321 | D        | Slain by a vampire

Illustrated notes

Levels and vault maps discovered:
D:        linesprint [early_d, line_temple, items_1, d_10, items_2, lair_1,
          lair_end, items_3, orc_1, orc_end, items_4, d_15, swamp_1, shoals_1,
          snake_1, spider_1, d_20, vaults_1, items_5, swamp_end, shoals_end,
          snake_end, spider_end, vaults_end, d_27, items_6, zot_1, zot_end,
          crypt_end, forest_end, elf_end, slime_end, tomb_end, abyss_end,
          pan_hell_end]

Skill      XL: |  1  2  3  4  5  6  7 |
---------------+----------------------+-----
Invocations    | 1 3 5 6 |  6.9
Short Blades   | 1 2 3 4 5 6 |  6.3
Long Blades    | 1 2 3 4 5 6 |  6.3
Axes           | 1 2 3 4 5 6 |  6.3
Maces & Flails | 1 2 3 4 5 6 |  6.3
Staves         | 1 2 3 4 5 6 |  6.3
Ranged Weapons | 1 2 3 4 5 6 |  6.3
Throwing       | 1 2 3 4 5 6 |  6.3
Dodging        | 1 2 3 4 5 6 |  6.3
Stealth        | 1 2 3 4 5 6 |  6.3
Unarmed Combat | 1 2 3 4 5 6 |  6.3
Spellcasting   | 1 2 3 4 5 6 |  6.3
Evocations     | 1 2 3 4 5 6 |  6.3
Fighting       | 7 8 9 |  9.2
Polearms       | 5 6 7 |  7.9
Armour         | 7 8 9 |  9.2
Shields        | 7 8 9 |  9.2
Conjurations   | 2 4 5 |  5.2
Hexes          | 2 4 5 |  5.2
Summonings     | 2 4 5 |  5.2
Necromancy     | 2 4 5 |  5.2
Translocations | 2 4 5 |  5.2
Transmutations | 2 4 5 |  5.2
Fire Magic     | 2 4 5 |  5.2
Ice Magic      | 2 4 5 |  5.2
Air Magic      | 2 4 5 |  5.2
Earth Magic    | 2 4 5 |  5.2
Poison Magic   | 2 4 5 |  5.2

Action                     |  1- 3 |  4- 6 |  7- 9 || total
---------------------------+-------+-------+-------++-------
  Melee: Trident           |    18 |    28 |       ||    46
         Bite              |     2 |     4 |       ||     6
         Scimitar          |       |    12 |    15 ||    27
    Use: Potion            |     1 |     3 |     7 ||    11
   Stab: Invisible         |       |     4 |       ||     4
 Armour: Scale mail        |     5 |     3 |       ||     8
         Chain mail        |       |    13 |    17 ||    30
  Dodge: Dodged            |     9 |    25 |     3 ||    37
  Block: Buckler           |     5 |     8 |     8 ||    21
